 Dungeon Crawl Stone Soup version 0.17-a0-2069-g0f4ee5b (webtiles) character file.

80486 kroki the Grappler (level 15, -3/234 HPs)
             Began as a Troll Berserker on Oct 13, 2015.
             Was a High Priest of Trog.
             Slain by a sun demon (14 damage)
             ... led by a balrug
             ... on level 1 of the Abyss.
             The game lasted 00:42:50 (28726 turns).

kroki the Grappler (Troll Berserker)               Turns: 28726, Time: 00:42:50

Health: -3/234     AC: 12    Str: 34      XL:     15   Next: 24%
Magic:  18/18      EV: 18    Int:  1 (3)  God:    Trog [*****.]
Gold:   1874       SH: 15    Dex: 18      Spells: 0 memorised, 14 levels left

rFire  . . .     SeeInvis .       - Unarmed
rCold  . . .     Clarity  .     X - +0 troll leather armour {regen}
rNeg   . . .     SustAt   .     s - +0 shield
rPois  .         Gourm    +     (helmet restricted)
rElec  .         Spirit   .     E - +2 cloak {+Inv}
rCorr  .         Warding  .     (gloves unavailable)
rMut   .         Stasis   .     (boots unavailable)
MR     +++..                    H - amulet of regeneration {+regen, !d}
Stlth  ..........               n - +4 ring of dexterity
                                a - +3 ring of slaying

@: berserking, about to teleport, regenerating, very quick, extremely resistant
to hostile enchantments, extremely unstealthy
A: unfitting armour, claws 3, horns 1, large bone plates 1, fast metabolism 3,
gourmand, regeneration 2, shaggy fur 1, tough skin 2
a: Burn Spellbooks, Berserk, Trog's Hand, Brothers in Arms, Renounce Religion,
Evoke Invisibility


You were on level 1 of the Abyss.
You worshipped Trog.
Trog was extremely pleased with you.
You were not hungry.

You visited 4 branches of the dungeon, and saw 24 of its levels.
You visited the Abyss 1 time.
You also visited: Labyrinth, Sewer and Ossuary.

You collected 2481 gold pieces.
You spent 607 gold pieces at shops.

Inventory:

Missiles
 F - a throwing net {=f, !d}
Armour
 s - a +0 shield (worn)
   (You found it on level 4 of the Dungeon)
 E - a +2 cloak of invisibility (worn)
   (You bought it in a shop on level 5 of the Dungeon)
 I - an ice dragon hide {rC++, rF-}
   (You found it on level 5 of the Lair of Beasts)
 X - a +0 troll leather armour (worn) {regen}
   (You found it on level 11 of the Dungeon)
Rods
 K - a +0 rod of ignition (13/13) {!a}
   (You found it on level 7 of the Dungeon)
Jewellery
 a - a +3 ring of slaying (left claw)
   (You found it in a labyrinth)
 i - an uncursed ring of protection from cold {rC+, !d}
   (You found it on level 10 of the Dungeon)
 n - a +4 ring of dexterity (right claw)
   (You found it on level 3 of the Dungeon)
 q - an uncursed amulet of stasis {Stasis, !d}
   (You found it on level 4 of the Dungeon)
 H - an amulet of regeneration (around neck) {+regen, !d}
   (You found it on level 6 of the Dungeon)
 Q - an uncursed ring of flight {+Fly, !d}
   (You found it on level 4 of the Lair of Beasts)
 V - an uncursed ring of sustain attributes
   (You found it on level 4 of the Lair of Beasts)
Wands
 e - a wand of teleportation (2)
   (You found it in a labyrinth)
 R - a wand of digging (7)
   (You found it on level 6 of the Lair of Beasts)
Scrolls
 c - a scroll of magic mapping {!r}
 d - 11 scrolls of remove curse
 m - 4 scrolls of blinking {!r}
 v - 5 scrolls of noise {!r}
 w - 2 scrolls of fog
 C - 4 scrolls of fear
 G - 2 scrolls of recharging
 O - a scroll of teleportation
 P - a scroll of enchant armour
 T - 3 scrolls of immolation {!r}
 Y - 7 scrolls of identify
Potions
 f - 4 potions of magic
 h - 10 potions of heal wounds
 j - 4 potions of flight
 k - 6 potions of brilliance
 l - 10 potions of curing
 u - a potion of haste
 z - a potion of resistance
 A - 3 potions of might
 D - a potion of cure mutation {!q}
 U - a potion of cancellation
Miscellaneous
 p - a plain deck of summoning {Foxfire}
   (You found it on level 4 of the Lair of Beasts)
 t - a plain deck of wonders {drawn: 1}
   (You found it on level 8 of the Dungeon)
 y - a fan of gales
   (You found it on level 1 of the Abyss)
 B - a lamp of fire
   (You found it on level 1 of the Abyss)
 W - a lantern of shadows
   (You found it on level 10 of the Dungeon)
 Z - a phantom mirror
Comestibles
 b - 18 bread rations {@e1}
 o - 33 fruits
 r - 4 beef jerkies
 x - 5 meat rations {@e2}
 L - a slice of pizza


   Skills:
 * Level 12.1 Fighting
 + Level 1.5 Armour
 * Level 11.9 Dodging
 - Level 8.4 Shields
 * Level 14.4 Unarmed Combat
 - Level 5.9 Evocations


You had 14 spell levels left.
You didn't know any spells.

Dungeon Overview and Level Annotations

Branches:
Dungeon (11/15)            Temple (0/1) D:6            Lair (8/8) D:11
  Swamp (1/4) Lair:5       Spider (0/4) Lair:5        Slime (0/6) Lair:8
    Orc (4/4) D:11            Elf (0/3) Orc:4

Altars:
Ashenzari
Cheibriados
Dithmenos
Fedhas
Kikubaaqudgha
Makhleb
Nemelex Xobeh
Okawaru
Qazlal
Ru
Vehumet
Beogh
Jiyva

Shops:
D:5 [   Orc:4 :?}[

Annotations:
Lair:8 1 runed door


Innate Abilities, Weirdness & Mutations

You are too large for most types of armour.
You have claws for hands.
Your metabolism is lightning-fast.
You like to eat raw meat.
You heal very quickly.
You are covered in fur (AC +1).
You have very tough skin (AC +2).
You have a pair of small horns on your head.
You are partially covered in large bone plates (AC +2, SH +2).


Message History

You block the freezing wraith's attack. The freezing wraith misses you.
You scratch the freezing wraith but do no damage.
You scratch the freezing wraith but do no damage.
You headbutt the freezing wraith.
You block the small abomination's attack.
The freezing wraith barely misses you.
The freezing wraith hits you but does no damage.
You regained 2 hp, and now have 92/156 hp.
You closely miss the freezing wraith.
You block the small abomination's attack.
You block the freezing wraith's attack. The freezing wraith barely misses you.
A fire bat comes into view.
You barely miss the freezing wraith.
You block the small abomination's attack.
You closely miss the freezing wraith. You block the freezing wraith's attack.
The freezing wraith completely misses you.
You mangle the freezing wraith!!
You headbutt the freezing wraith, but do no damage.
The fire bat bites you but does no damage.
The small abomination closely misses you.
The fire bat closely misses you. You block the freezing wraith's attack.
You block the freezing wraith's attack.
You claw the freezing wraith!
You headbutt the freezing wraith, but do no damage.
The fire bat closely misses you.
You block the small abomination's attack.
The freezing wraith hits you but does no damage.
The freezing wraith completely misses you.
You mangle the freezing wraith!!
You destroy the freezing wraith!
You block the fire bat's attack. x2
The small abomination closely misses you.
You regained 2 hp, and now have 99/156 hp.
The fire bat misses you.
A white imp comes into view.
The white imp shouts!
You mangle the small abomination!!
You destroy the small abomination!
You block the fire bat's attack.
You eviscerate the fire bat!!!
You kill the fire bat!
Trog accepts your kill.
You regained 2 hp, and now have 103/156 hp.
A balrug comes into view. It is wielding a vampiric demon whip.
The balrug shouts!
An iron imp comes into view.
You regained 2 hp, and now have 106/156 hp.
A sun demon comes into view.
Your skin crawls.
You feel resistant to hostile enchantments.
You feel slightly more hungry.
The sun demon shouts!
The white imp hits you but does no damage.
A red devil and a sun demon come into view.
You regained 3 hp, and now have 110/156 hp.
The sun demon shouts!
You mangle the white imp!!
You kill the white imp!
Trog accepts your kill.
The sun demon moves out of view.
You regained 2 hp, and now have 112/156 hp.
The balrug gestures at you. Something smites you!
A sun demon and a starcursed mass come into view.
You take 9 damage, and have 103/156 hp.
You regained 3 hp, and now have 106/156 hp.
You regained 3 hp, and now have 109/156 hp.
Read which item? (? for menu, Esc to quit)
As you read the scroll of teleportation, it crumbles to dust.
You feel strangely unstable.
You feel the power of the Abyss delaying your translocation!
The sun demon shouts!
The balrug gestures at you.
The fireball explodes!
The fireball engulfs you!
The fireball engulfs the sun demon.
The sun demon completely resists.
The fireball engulfs the balrug.
The balrug completely resists.
Something shouts, "Remove thy stench, thou rough-hewn crook-pated buzzard-bait!"
You take 31 damage, and have 78/156 hp.
Unknown command.
You scratch the balrug. You headbutt the balrug!
The sun demon barely misses you.
You regained 2 hp, and now have 80/156 hp.
You mangle the balrug!! The balrug gestures at you. The bolt of fire hits you!
The sun demon hits you!!
You are engulfed in flames!
* * * LOW HITPOINT WARNING * * *
You take 45 damage, and have 35/156 hp.
MASSIVE DAMAGE!!
A red film seems to cover your vision as you go berserk!
You feel yourself moving faster!
You feel mighty!
You feel somewhat more hungry.
The balrug hits you with a vampiric demon whip.
* * * LOW HITPOINT WARNING * * *
You are engulfed in flames!!
* * * LOW HITPOINT WARNING * * *
The balrug draws strength from your injuries!
The sun demon hits you!!
* * * LOW HITPOINT WARNING * * *
You are engulfed in flames!
You die...

.... #### ##. ##...
.#.. ## # .#
.#.#.#..## ..# #
..#.#....#.....###
###
#..3....##..#....#..
. # ..#....##.......
# . #..##3..######
.... #ยง33#2##.#
..... # .#@#.....#
### ... . #.###.....
.. # ## # ...# #####
## ##.##... ... ..
## .# .## # # .# .#
. X# #### # #......
# ### #


You could see a balrug and 3 sun demons.

Vanquished Creatures
  A tentacled starspawn (Abyss:1)
  An orc warlord (Orc:4)
  A green death (Abyss:1)
  Snorg (Lair:3)
  A minotaur (Lab)
  The ghost of WildSam the Destroyer, a journeyman DsEE of Gozag (Lab)
  2 hydras
  The ghost of pk666 the Protected, a novice MiFi of Okawaru (D:9)
  The ghost of brucemayne the Cleaver, a novice DDAs of Makhleb (Orc:4)
  A thrashing horror (Abyss:1)
  3 death yaks (Lair:6)
  3 orc high priests (Orc:4)
  Urug (Lair:1)
  3 large abominations (Abyss:1)
  Nergalle (Lair:3)
  2 wretched stars (Abyss:1)
  A lindwurm (Lair:6)
  A fire crab (Lair:8)
  An unseen horror (D:11)
  3 orc knights (Orc:4)
  An ice statue (D:10)
  A hill giant (D:11)
  A griffon (Lair:8)
  4 orc sorcerers
  The ghost of 4thArraOfDagon the Grappler, a novice VSMo of Cheibriados (D:11)
  A cyclops (Orc:4)
  2 black mambas
  8 elephants
  Maurice (Orc:1)
  2 torpor snails
  9 komodo dragons
  9 spiny frogs
  A queen bee (D:8)
  A freezing wraith (Abyss:1)
  7 trolls
  9 fire drakes
  3 small abominations (Abyss:1)
  An ice dragon zombie (Abyss:1)
  A boulder beetle (Lair:8)
  A two-headed ogre (Orc:4)
  17 blink frogs
  2 raiju (Abyss:1)
  A ynoxinul (Abyss:1)
  A hungry ghost (D:11)
  2 wyverns
  A wraith (Abyss:1)
  3 basilisks
  4 vampire mosquitoes (D:11)
  3 fire bats (Abyss:1)
  Eustachio (D:5)
  A hill giant zombie (D:11)
  10 hippogriffs
  A neqoxec (Abyss:1)
  52 yaks
  2 wargs (Orc:4)
  14 wolves
  6 swamp worms (Lair:5)
  21 water moccasins
  The ghost of SlimeFever the Gusty, an amateur TeAE (Sewer)
  A soldier ant (D:11)
  3 ice beasts
  47 orc warriors
  3 sky beasts
  3 black bears
  A necrophage (D:7)
  8 porcupines
  22 ogres
  7 phantoms
  16 crocodiles
  3 centaurs
  3 big kobolds
  21 giant frogs
  A gnoll sergeant (D:9)
  4 scorpions
  28 killer bees
  5 crimson imps
  An electric eel (Lair:5)
  10 wights
  A centaur zombie (D:7)
  7 hounds
  A giant frog zombie (D:8)
  A human zombie (Ossuary)
  9 iguanas
  7 jellies
  40 orc priests
  2 quasits
  2 centaur skeletons
  3 giant frog skeletons
  Jessica (D:3)
  8 worker ants
  32 orc wizards
  A killer bee zombie (D:11)
  21 sheep
  A big kobold zombie (Ossuary)
  7 ogre zombies (D:11)
  The ghost of 4thArraOfDagon the Chopper, a weakling FoGl (D:5)
  A hound zombie (D:11)
  4 hound skeletons
  2 mummies (Ossuary)
  10 gnolls
  14 adders
  55 river rats
  4 shadow imps
  A white imp (Abyss:1)
  2 oozes
  3 adder skeletons
  5 adder zombies
  3 worms
  8 giant geckos
  201 orcs
  2 ball pythons (D:4)
  8 bats
  8 giant cockroaches
  14 goblins
  8 hobgoblins
  13 jackals
  9 quokkas
  A giant gecko zombie (D:6)
  4 giant newts
  2 goblin skeletons (D:11)
  3 goblin zombies (D:11)
  A hobgoblin skeleton (D:11)
  10 hobgoblin zombies
  2 jackal zombies (Ossuary)
  16 kobolds
  10 kobold zombies (Ossuary)
  6 orc skeletons (D:11)
  20 orc zombies
  3 quokka skeletons
  9 rats
  2 rat zombies (Ossuary)
1033 creatures vanquished.

Vanquished Creatures (collateral kills)
  Rupert (Lair:6)
  5 hydras
  An orc high priest (Orc:4)
  An orc sorcerer (Orc:4)
  An orc knight (Orc:4)
  An ogre (Orc:4)
  An orc priest (Orc:4)
  7 river rats (Lair:6)
  5 orcs (Orc:4)
23 creatures vanquished.

Vanquished Creatures (others)
  A hippogriff (Lair:8)
  A killer bee (D:8)
  A quasit (Abyss:1)
  13 fungi
  23 plants
  2 starspawn tentacles (Abyss:1)
  15 starspawn tentacle segments (Abyss:1)
56 creatures vanquished.

Grand Total: 1112 creatures vanquished

Notes
Turn   | Place    | Note
--------------------------------------------------------------
     0 | D:1      | kroki the Troll Berserker began the quest for the Orb.
     0 | D:1      | Reached XP level 1. HP: 22/22 MP: 0/0
   402 | D:1      | Reached XP level 2. HP: 25/29 MP: 1/1
   802 | D:1      | Reached skill level 4 in Unarmed Combat
  1159 | D:2      | Reached ** piety under Trog
  1159 | D:2      | Reached XP level 3. HP: 19/36 MP: 2/2
  1384 | D:2      | Found a shattered altar of Ashenzari.
  1492 | D:2      | Found a sparkling altar of Nemelex Xobeh.
  2047 | D:3      | Reached XP level 4. HP: 44/44 MP: 3/3
  2137 | D:3      | Reached *** piety under Trog
  2137 | D:3      | Reached skill level 3 in Dodging
  2137 | D:3      | Reached XP level 5. HP: 50/52 MP: 4/4
  2342 | D:3      | Noticed Jessica
  2345 | D:3      | Killed Jessica
  2345 | D:3      | Reached skill level 3 in Fighting
  2345 | D:3      | Reached skill level 5 in Unarmed Combat
  2500 | D:3      | Found a snail-covered altar of Cheibriados.
  2514 | D:3      | Noticed a big kobold
  2518 | D:3      | Killed a big kobold
  2518 | D:3      | Reached XP level 6. HP: 40/61 MP: 5/5
  2987 | D:3      | You fall through a shaft!
  3129 | D:3      | Found a sacrificial altar of Ru.
  3256 | D:4      | Found an iron altar of Okawaru.
  3505 | D:4      | Reached skill level 1 in Shields
  3695 | D:4      | Found a blossoming altar of Fedhas.
  3818 | D:4      | Reached skill level 2 in Shields
  3863 | D:4      | Reached XP level 7. HP: 64/67 MP: 6/6
  3889 | D:4      | Reached **** piety under Trog
  3906 | D:4      | Reached skill level 3 in Shields
  4020 | D:4      | Reached skill level 4 in Shields
  4215 | D:5      | Entered Level 5 of the Dungeon
  4267 | D:5      | Found a glowing drain.
  4272 | Sewer    | Entered a sewer
  4331 | Sewer    | Noticed SlimeFever's ghost (amateur TeAE)
  4360 | Sewer    | Killed SlimeFever's ghost
  4360 | Sewer    | Reached XP level 8. HP: 66/78 MP: 7/7
  4420 | Sewer    | Reached skill level 4 in Dodging
  4420 | Sewer    | Reached skill level 6 in Unarmed Combat
  4431 | Sewer    | Found a glowing silver altar of Zin.
  4543 | D:5      | Noticed 4thArraOfDagon's ghost (weakling FoGl)
  4549 | D:5      | Found Bioc Usat's Armour Boutique.
  4579 | D:5      | Found a sand-covered staircase.
  4586 | Ossuary  | Entered an ossuary
  4871 | Ossuary  | Reached skill level 4 in Fighting
  5015 | D:5      | Killed 4thArraOfDagon's ghost
  5021 | D:5      | HP: 8/78 [ogre/giant club (26)]
  5051 | D:5      | Reached skill level 5 in Shields
  5233 | D:5      | Noticed Eustachio
  5262 | D:5      | Killed Eustachio
  5919 | D:5      | Bought a +2 cloak of invisibility for 322 gold pieces
  6256 | D:6      | Reached skill level 5 in Fighting
  6256 | D:6      | Reached skill level 7 in Unarmed Combat
  6256 | D:6      | Reached XP level 9. HP: 55/88 MP: 8/8
  6492 | D:6      | Reached skill level 5 in Dodging
  6869 | D:6      | Found a staircase to the Ecumenical Temple.
  7269 | D:7      | Reached skill level 1 in Evocations
  7303 | D:7      | Found an ancient bone altar of Kikubaaqudgha.
  7408 | D:7      | Reached skill level 6 in Shields
  7830 | D:7      | Identified a +0 rod of ignition (13/13) (You found it on level 7 of the Dungeon)
  7860 | D:8      | Reached ***** piety under Trog
  7984 | D:8      | Reached skill level 2 in Evocations
  8111 | D:8      | Reached XP level 10. HP: 98/98 MP: 10/10
  8126 | D:8      | Reached skill level 8 in Unarmed Combat
  8148 | D:8      | Reached skill level 6 in Fighting
  8266 | D:8      | Reached skill level 6 in Dodging
  8273 | D:8      | HP: 24/98 [orc wizard/magic dart (6)]
  8519 | D:8      | Reached skill level 7 in Shields
  8670 | D:8      | Reached skill level 3 in Evocations
  8962 | D:8      | Found a shadowy altar of Dithmenos.
  9211 | D:9      | Noticed pk666's ghost (novice MiFi)
  9234 | D:9      | Killed pk666's ghost
  9528 | D:9      | Found a radiant altar of Vehumet.
  9628 | D:9      | Reached skill level 9 in Unarmed Combat
  9722 | D:9      | Received a gift from Trog
  9800 | D:9      | Reached XP level 11. HP: 101/107 MP: 12/12
 10141 | D:10     | Entered Level 10 of the Dungeon
 10164 | D:10     | Gained mutation: You have a pair of small horns on your head. [potion of mutation]
 10164 | D:10     | Gained mutation: You are partially covered in large bone plates (AC +2, SH +2). [potion of mutation]
 10178 | D:10     | Noticed an ice statue
 10381 | D:10     | Reached skill level 7 in Fighting
 10530 | D:10     | Found a stormy altar of Qazlal.
 10874 | D:10     | Reached skill level 4 in Evocations
 10881 | D:10     | Reached skill level 7 in Dodging
 11131 | D:10     | Killed an ice statue
 11552 | D:11     | Noticed a hill giant
 11560 | D:11     | Killed a hill giant
 11560 | D:11     | Reached skill level 8 in Shields
 11648 | D:11     | Paralysed by an orc sorcerer for 5 turns
 11722 | D:11     | Found a staircase to the Orcish Mines.
 11915 | D:11     | Noticed a seven-headed hydra
 11935 | D:11     | Killed a nine-headed hydra
 12184 | D:11     | Reached skill level 10 in Unarmed Combat
 12239 | D:11     | Noticed 4thArraOfDagon's ghost (novice VSMo)
 12242 | D:11     | Received a gift from Trog
 12254 | D:11     | Killed 4thArraOfDagon's ghost
 12272 | D:11     | Reached skill level 5 in Evocations
 12526 | D:11     | Killed an unseen horror
 12526 | D:11     | Reached XP level 12. HP: 72/119 MP: 14/14
 12715 | D:11     | Found a staircase to the Lair.
 12805 | D:11     | Got a bloodstained shortbow
 13067 | Orc:1    | Entered Level 1 of the Orcish Mines
 13090 | Orc:1    | Noticed Maurice
 13100 | Orc:1    | Killed Maurice
 13100 | Orc:1    | Reached skill level 8 in Fighting
 14092 | Orc:2    | Reached skill level 8 in Dodging
 14581 | Orc:2    | Found a roughly hewn altar of Beogh.
 14630 | Orc:2    | Reached ****** piety under Trog
 15049 | Orc:3    | Received a gift from Trog
 15071 | Orc:3    | Found a burning altar of Makhleb.
 15402 | Orc:4    | Entered Level 4 of the Orcish Mines
 16032 | Orc:4    | Found Teoguxt's Armour Boutique.
 16165 | Orc:4    | Found Hontamo's Gadget Shop.
 16338 | Orc:4    | Found a roughly hewn altar of Beogh.
 16344 | Orc:4    | Received a gift from Trog
 16425 | Orc:4    | Reached skill level 11 in Unarmed Combat
 16663 | Orc:4    | Noticed brucemayne's ghost (novice DDAs)
 16682 | Orc:4    | Killed brucemayne's ghost
 16964 | Orc:4    | Reached skill level 9 in Fighting
 17287 | Orc:4    | Reached skill level 9 in Dodging
 17557 | Orc:4    | Noticed an orc warlord
 17631 | Orc:4    | Received a gift from Trog
 17679 | Orc:4    | Killed an orc warlord
 17681 | Orc:4    | Reached XP level 13. HP: 131/131 MP: 16/16
 17693 | Orc:4    | Found a roughly hewn altar of Beogh.
 17751 | Orc:4    | HP: 32/131 [orc high priest/halberd (3)]
 17761 | Orc:4    | HP: 27/131 [orc warrior/mace (18)]
 17865 | Orc:4    | HP: 30/131 [orc priest/divine providence (16)]
 17892 | Orc:4    | HP: 31/131 [orc high priest/divine providence (13)]
 18020 | Orc:4    | Found Syogoh's Book Boutique.
 18112 | Orc:4    | Found Hujesopn's Magic Scroll Shoppe.
 18148 | Orc:4    | Bought a scroll of blinking for 75 gold pieces
 18148 | Orc:4    | Bought a scroll of identify for 20 gold pieces
 18148 | Orc:4    | Bought a scroll of enchant armour for 75 gold pieces
 18148 | Orc:4    | Bought a scroll of blinking for 75 gold pieces
 18148 | Orc:4    | Bought a scroll of identify for 20 gold pieces
 18148 | Orc:4    | Bought a scroll of identify for 20 gold pieces
 18431 | Orc:4    | Found a staircase to the Elven Halls.
 18560 | Orc:4    | Identified the +0 shortbow of Siefuthu {speed, *Drain Str+4} (You found it on level 11 of the Dungeon)
 18824 | Lair:1   | Entered Level 1 of the Lair of Beasts
 18986 | Lair:1   | Noticed Urug
 19001 | Lair:1   | Killed Urug
 19061 | Lair:1   | Reached skill level 12 in Unarmed Combat
 19223 | Lair:1   | Received a gift from Trog
 19851 | Lair:2   | Reached skill level 10 in Fighting
 20181 | Lair:2   | Reached skill level 10 in Dodging
 20835 | Lair:3   | Noticed Nergalle
 20843 | Lair:3   | Killed Nergalle
 21104 | Lair:3   | Received a gift from Trog
 21324 | Lair:3   | Noticed Snorg
 21335 | Lair:3   | Killed Snorg
 22089 | Lair:4   | Found a labyrinth entrance.
 22108 | Lab      | Entered a labyrinth
 22210 | Lab      | Noticed WildSam's ghost (journeyman DsEE)
 22222 | Lab      | Killed WildSam's ghost
 22819 | Lab      | Reached XP level 14. HP: 144/144 MP: 17/17
 22833 | Lab      | Got a shimmering hunting sling
 23316 | Lair:4   | Reached skill level 13 in Unarmed Combat
 23395 | Lair:4   | Received a gift from Trog
 24131 | Lair:5   | Found a hole to the Spider Nest.
 24519 | Lair:5   | Reached skill level 11 in Fighting
 24638 | Lair:5   | Found a staircase to the Swamp.
 24757 | Swamp:1  | Entered Level 1 of the Swamp
 24956 | Lair:6   | Reached skill level 11 in Dodging
 25387 | Lair:6   | Noticed Rupert
 25393 | Lair:6   | Killed Rupert
 25971 | Lair:7   | Received a gift from Trog
 27040 | Lair:8   | Entered Level 8 of the Lair of Beasts
 27144 | Lair:8   | Reached skill level 14 in Unarmed Combat
 27518 | Lair:8   | Found a runed door.
 27518 | Lair:8   | Found a viscous altar of Jiyva.
 27518 | Lair:8   | Found a staircase to the Slime Pits.
 27518 | Lair:8   | Noticed an azure jelly
 27766 | Lair:8   | Received a gift from Trog
 28171 | Lair:8   | Reached XP level 15. HP: 114/156 MP: 18/18
 28178 | Lair:8   | Got a warped greatsling
 28285 | Lair:8   | Cast into the Abyss (a wizard)
 28285 | Abyss:1  | Found a corrupted altar of Lugonu.
 28436 | Abyss:1  | Reached skill level 1 in Armour
 28453 | Abyss:1  | Reached skill level 12 in Fighting
 28678 | Abyss:1  | Noticed a tentacled starspawn
 28693 | Abyss:1  | Killed a tentacled starspawn
 28725 | Abyss:1  | HP: 35/156 [sun demon[a balrug] (16)]
 28726 | Abyss:1  | HP: 11/234 [sun demon[a balrug] (19)]
 28726 | Abyss:1  | Slain by a sun demon

Vault maps used:
D:1:      dpeg_arrival_brainrot
D:2:      nemelex_altar_shiori, first_bread, minmay_crystal_room,
          minmay_misc_feat_secret_circle, ashenzari_altar_1
D:3:      nicolae_ru_path_of_blood, cheibriados_altar_wand_db,
          kennysheep_generic_room_15, uniq_jessica
D:4:      lemuel_doored_altar, okawaru_gym_becter, minmay_joined_circles
D:5:      serial_shops, shop, lightli_sewer_entry_pipes,
          nicolae_ossuary_entry_ruins, grunt_ministairs_3,
          minmay_misc_feat_tiny, uniq_eustachio
D:6:      minmay_temple_entry_statues_pillars
D:7:      kiku_gazebo_pond_becter
D:8:      david_nohive_1, nrook_loot_triangle, minmay_bad_closet,
          nicolae_dithmenos_through_a_glass_darkly
D:9:      vehumet_altar_wand_db
D:10:     minivault_15, grunt_qazlal_sundering
D:11:     david_lair_shrubbed, zombieorc2_lemuel
Lair:1:   patterned_corridor, uniq_urug
Lair:2:   minivault_27
Lair:3:   serial_bayou_lagoon_a, hangedman_lair_generics_rect,
          serial_bayou_shore_a, uniq_nergalle, uniq_snorg
Lair:4:   lab_entry_generic, grunt_megastairs_4
Lair:5:   nicolae_swamp_entry_splash_gauntlet, dummy_spider_entry
Lair:6:   boulder_dual_corridor_run, serial_bayou_shore_b, grunt_megastairs_2,
          uniq_rupert
Lair:7:   minmay_holes, grunt_megastairs_1, lemuel_fruit_fields,
          lemuel_fruit_fields
Lair:8:   evil_forest, slime_altar_2, lemuel_fruit_fields
Swamp:1:  evilmike_swamp_ruin_house_4, swamp_pool1
Orc:1:    nicolae_orc_accident_1, uniq_maurice
Orc:2:    basic_altar
Orc:3:    basic_altar, nicolae_orc_pool_cavern
Orc:4:    pubby_orc_utopia, serial_shops
Lab:      labyrinth_skeletal_remains
Sewer:    sewer_kobolds
Ossuary:  ossuary_tomb_1

Action                   |  1- 3 |  4- 6 |  7- 9 | 10-12 | 13-15 || total
-------------------------+-------+-------+-------+-------+-------++-------
Melee: Unarmed           |   106 |   154 |   532 |  1246 |  1136 ||  3174
Invok: Berserk           |     2 |       |     2 |       |     6 ||    10
       Trog's Hand       |       |       |     1 |     3 |     5 ||     9
       Brothers in Arms  |       |       |       |     3 |     9 ||    12
       Burn Spellbooks   |       |       |       |       |     3 ||     3
 Abil: Evoke Invisibilit |       |       |       |     4 |     1 ||     5
Evoke: Wand              |       |       |     1 |     7 |     2 ||    10
       Deck              |       |       |       |       |     1 ||     1
  Use: Scroll            |     6 |     2 |    13 |    11 |    14 ||    46
       Potion            |       |       |     2 |     2 |       ||     4
 Stab: Sleeping          |       |       |     2 |       |       ||     2
       Distracted        |       |       |     2 |     1 |     2 ||     5
       Invisible         |       |       |       |    19 |     6 ||    25
  Eat: Chunk             |    20 |    19 |    41 |    99 |   111 ||   290
       Bread ration      |     1 |       |       |       |       ||     1
       Royal jelly       |       |       |     1 |     1 |       ||     2

Vault maps used:
D:1:      dpeg_arrival_brainrot
D:2:      nemelex_altar_shiori, first_bread, minmay_crystal_room,
          minmay_misc_feat_secret_circle, ashenzari_altar_1
D:3:      nicolae_ru_path_of_blood, cheibriados_altar_wand_db,
          kennysheep_generic_room_15, uniq_jessica
D:4:      lemuel_doored_altar, okawaru_gym_becter, minmay_joined_circles
D:5:      serial_shops, shop, lightli_sewer_entry_pipes,
          nicolae_ossuary_entry_ruins, grunt_ministairs_3,
          minmay_misc_feat_tiny, uniq_eustachio
D:6:      minmay_temple_entry_statues_pillars
D:7:      kiku_gazebo_pond_becter
D:8:      david_nohive_1, nrook_loot_triangle, minmay_bad_closet,
          nicolae_dithmenos_through_a_glass_darkly
D:9:      vehumet_altar_wand_db
D:10:     minivault_15, grunt_qazlal_sundering
D:11:     david_lair_shrubbed, zombieorc2_lemuel
Lair:1:   patterned_corridor, uniq_urug
Lair:2:   minivault_27
Lair:3:   serial_bayou_lagoon_a, hangedman_lair_generics_rect,
          serial_bayou_shore_a, uniq_nergalle, uniq_snorg
Lair:4:   lab_entry_generic, grunt_megastairs_4
Lair:5:   nicolae_swamp_entry_splash_gauntlet, dummy_spider_entry
Lair:6:   boulder_dual_corridor_run, serial_bayou_shore_b, grunt_megastairs_2,
          uniq_rupert
Lair:7:   minmay_holes, grunt_megastairs_1, lemuel_fruit_fields,
          lemuel_fruit_fields
Lair:8:   evil_forest, slime_altar_2, lemuel_fruit_fields
Swamp:1:  evilmike_swamp_ruin_house_4, swamp_pool1
Orc:1:    nicolae_orc_accident_1, uniq_maurice
Orc:2:    basic_altar
Orc:3:    basic_altar, nicolae_orc_pool_cavern
Orc:4:    pubby_orc_utopia, serial_shops
Lab:      labyrinth_skeletal_remains
Sewer:    sewer_kobolds
Ossuary:  ossuary_tomb_1

Table legend:
 A = Turns spent in this place as a percentage of turns spent in the entire game.
 B = Non-inter-level travel turns spent in this place as a percentage of non-inter-level travel turns spent in the entire game.
 C = Inter-level travel turns spent in this place as a percentage of turns spent in this place.
 D = Turns resting spent in this place as a percentage of non-inter-level travel turns spent in this place.
 E = Turns spent auto-exploring this place as a percentage of non-inter-level travel turns spent in this place.
 F = Non-inter-level travel turns spent in this place divided by the number of levels of this place that you've seen.
                   A       B       C       D       E      F
               +-------+-------+-------+-------+-------+----------------------
         Total | 100.0 | 100.0 |   0.2 |   0.6 |   4.7 | 597.2
       Dungeon |  39.3 |  39.2 |   0.3 |   0.8 |   5.9 | 596.5
          Lair |  27.6 |  27.6 |   0.2 |   0.2 |   5.1 | 576.9
         Swamp |   0.0 |   0.0 |   0.0 |   0.0 |   0.0 |   3.0
  Orcish Mines |  22.2 |  22.2 |   0.2 |   0.9 |   3.9 | 927.2
         Abyss |   2.8 |   2.8 |   0.0 |   0.0 |   0.0 | 471.0
     Labyrinth |   4.6 |   4.6 |   0.0 |   1.2 |   0.0 | 764.0
         Sewer |   1.6 |   1.6 |   0.0 |   0.0 |   0.0 | 273.0
       Ossuary |   1.9 |   1.9 |   0.0 |   0.6 |   7.1 | 326.0
               +-------+-------+-------+-------+-------+----------------------

Table legend:
 A = Kills in this place as a percentage of kills in entire the game.
 B = Kills by you in this place as a percentage of kills by you in the entire game.
 C = Kills by friends in this place as a percentage of kills by friends in the entire game.
 D = Other kills in this place as a percentage of other kills in the entire game.
 E = Experience gained in this place as a percentage of experience gained in the entire game.
 F = Experience gained in this place divided by the number of levels of this place that you have seen.
                   A       B       C       D       E      F
               +-------+-------+-------+-------+-------+----------------------
         Total | 100.0 | 100.0 | 100.0 | 100.0 | 100.0 | 4106.5
       Dungeon |  37.2 |  37.9 |   4.3 | 100.0 |  19.5 | 2037.8
          Lair |  27.9 |  27.4 |  52.2 |   0.0 |  50.1 | 7199.1
  Orcish Mines |  27.6 |  27.3 |  43.5 |   0.0 |  19.1 | 5489.0
         Abyss |   2.4 |   2.4 |   0.0 |   0.0 |   9.1 | 10519.0
     Labyrinth |   0.2 |   0.2 |   0.0 |   0.0 |   1.8 | 2048.0
         Sewer |   1.0 |   1.1 |   0.0 |   0.0 |   0.3 | 288.0
       Ossuary |   3.7 |   3.8 |   0.0 |   0.0 |   0.1 | 161.0
               +-------+-------+-------+-------+-------+----------------------
